 Dungeon Crawl Stone Soup version 0.28.0-53-g5a82cb258f (webtiles) character file.

Game seed: 2254053101782742832

1721 jiml777 the Gusty (level 9, -2/65 HPs)
             Began as a Gnoll Air Elementalist on Aug 1, 2022.
             Slain by a wyvern skeleton (8 damage)
             ... on level 6 of the Dungeon.
             The game lasted 00:29:07 (6820 turns).

jiml777 the Gusty (Gnoll Air Elementalist)          Turns: 6820, Time: 00:29:08

Health: -2/65      AC:  4    Str:  6    XL:     9   Next: 4%
Magic:  18/18      EV: 14    Int: 18    God:
Gold:   193        SH:  0    Dex: 12    Spells: 10/20 levels left

rFire   + . .      SeeInvis +   n - +5 rapier "Gahemmuc" {vorpal, rF+ rN+ Str-3}
rCold   + . .      Faith    .   (no shield)
rNeg    + . .      Spirit   .   a - +0 robe
rPois   .          Reflect  .   (no helmet)
rElec   .          Harm     .   (no cloak)
rCorr   .          Rampage  .   t - +0 pair of gloves
Will    .....                   v - +0 pair of boots
Stlth   +++.......              (no amulet)
HPRegen 0.20/turn               h - ring of see invisible
MPRegen 0.16/turn               b - ring of protection from cold

@: no status effects
A: fangs 1, strong nose, distributed training
a: no special abilities


You were on level 6 of the Dungeon.
You visited 1 branch of the dungeon, and saw 6 of its levels.

You collected 283 gold pieces.
You spent 90 gold pieces at shops.

Inventory:

Hand Weapons
 f - a +1 dagger
 n - the +5 rapier "Gahemmuc" (weapon) {vorpal, rF+ rN+ Str-3}
   (You found it on level 4 of the Dungeon)

   It inflicts extra damage upon your enemies.
   Str:       It affects your strength (-3).
   rF:        It protects you from fire.
   rN:        It protects you from negative energy.
Missiles
 d - 224 stones
 o - 5 silver javelins
 p - 65 bolts
 s - 9 poisoned darts
 u - 26 arrows
 w - a curare-tipped dart
Armour
 a - a +0 robe (worn)
 i - a +0 pair of gloves
 t - a +0 pair of gloves (worn)
 v - a +0 pair of boots (worn)
Jewellery
 b - a ring of protection from cold (right hand)
 h - a ring of see invisible (left hand)
 l - the ring "Asutotyu" {Ice *Corrode rPois Str+3 Dex+3}
   (You bought it in a shop on level 1 of the Dungeon)

   [ring of ice]

   It enhances your ice magic.
   Str:       It affects your strength (+3).
   Dex:       It affects your dexterity (+3).
   rF:        It makes you vulnerable to fire.
   rC:        It protects you from cold.
   rPois:     It protects you from poison.
   *Corrode:  It may corrode you when you take damage.
 q - a ring of poison resistance
Scrolls
 e - a scroll of enchant armour {unknown}
 k - a scroll of identify
 m - 2 scrolls of teleportation {unknown}
Potions
 c - 2 potions of curing
 g - 3 potions of flight
 j - 3 potions of might
 r - a potion of magic


   Skills:
 + Level 3.8 Fighting
 + Level 3.8 Short Blades
 + Level 3.8 Long Blades
 + Level 3.8 Axes
 + Level 3.8 Maces & Flails
 + Level 3.8 Polearms
 + Level 3.8 Staves
 + Level 3.8 Slings
 + Level 3.8 Bows
 + Level 3.8 Crossbows
 + Level 3.8 Throwing
 + Level 3.8 Armour
 + Level 6.0 Dodging
 + Level 5.7 Stealth
 + Level 3.8 Shields
 + Level 3.8 Unarmed Combat
 + Level 6.3 Spellcasting
 + Level 3.8 Conjurations
 + Level 3.1 Hexes
 + Level 3.1 Summonings
 + Level 3.1 Necromancy
 + Level 3.1 Translocations
 + Level 3.1 Transmutations
 + Level 3.1 Fire Magic
 + Level 3.1 Ice Magic
 + Level 6.3 Air Magic
 + Level 3.1 Earth Magic
 + Level 3.1 Poison Magic
 + Level 4.2 Invocations
 + Level 3.8 Evocations


You had 10 spell levels left.
You knew the following spells:

 Your Spells              Type           Power      Damage    Failure   Level
a - Shock                 Conj/Air       96%        1d9       1%          1
b - Static Discharge      Conj/Air       24%        N/A       2%          2
c - Swiftness             Air            28%        N/A       2%          3
d - Airstrike             Air            14%        N/A       9%          4

Your spell library contained the following spells:

 Spells                   Type           Power      Damage    Failure   Level
 Ensorcelled Hibernation  Hex/Ice        34%        N/A       4%          2
 Passwall                 Tmut/Erth      14%        N/A       4%          2


Dungeon Overview and Level Annotations

Branches:
Dungeon (6/15)
 Temple: D:4-7

Altars:
Fedhas
Nemelex Xobeh

Shops:
D:1 *=?!   D:2 [


Innate Abilities, Weirdness & Mutations

You have very sharp teeth.
Your uncanny sense of smell can sniff out nearby items.
Your experience applies equally to all skills.


Message History

The gnoll misses you. The gnoll hits you with a +3 flail!
You hit the gnoll but do no damage.
The gnoll is moderately wounded.
The gnoll hits you with a +0 club. The gnoll misses you.
You hit the gnoll.
The gnoll is severely wounded.
The gnoll completely misses you. The gnoll hits you with a +3 flail!
You hit the gnoll.
You kill the gnoll!
The gnoll hits you with a +0 club.
A wyvern skeleton comes into view.
You hit the gnoll. You bite the gnoll, but do no damage.
The gnoll is severely wounded.
The gnoll hits you but does no damage.
You hit the gnoll. Your bite misses the gnoll.
The gnoll is almost dead.
The gnoll hits you with a +0 club!
You completely miss the gnoll.
The gnoll is almost dead.
The gnoll hits you with a +0 club.
You puncture the gnoll!
You kill the gnoll!
The wyvern skeleton closely misses you. x2
Things that are here:
a +3 flail; a +0 whip You barely miss the wyvern skeleton.
The wyvern skeleton bites you!
* * * LOW HITPOINT WARNING * * *
You puncture the wyvern skeleton!
The wyvern skeleton is moderately damaged.
The wyvern skeleton closely misses you.
You hit the wyvern skeleton.
The wyvern skeleton is heavily damaged.
The wyvern skeleton bites you.
* * * LOW HITPOINT WARNING * * *
The wyvern skeleton bites you!
* * * LOW HITPOINT WARNING * * *
You hit the wyvern skeleton. You bite the wyvern skeleton.
The wyvern skeleton is severely damaged.
The wyvern skeleton bites you!
You die...

##...#.....<......
#.................
##...............
#.....#..###
###...#.##
##$...###
#####.......#
##.#.........#
#.)@.........#
#...Z..........
#.............##
#..........$.....
#...............g
##..............
##.......#....
#...........


You could see a wyvern skeleton.

Vanquished Creatures
  The ghost of unlimited1921 the Magician, a novice DjFE of Makhleb (D:5)
  Grinder (D:5)
  A sky beast (D:4)
  A black bear (D:5)
  An ogre (D:4)
  A necrophage (D:6)
  A phantom (D:6)
  A kobold brigand (D:6)
  A howler monkey (D:6)
  2 bullfrog zombies (D:5)
  4 orc priests
  A hound (D:4)
  An iguana (D:6)
  An orc wizard (D:4)
  2 howler monkey skeletons
  3 gnolls (D:6)
  11 adders
  A white imp (D:5)
  An adder skeleton (D:4)
  A worm (D:5)
  5 dart slugs
  11 orcs
  3 bats
  5 endoplasms
  7 giant cockroaches
  4 goblins
  4 hobgoblins
  6 jackals
  16 kobolds
  6 quokkas
  3 ball pythons
  A frilled lizard (D:2)
  3 rats
111 creatures vanquished.

Vanquished Creatures (collateral kills)
  A bat (D:2)
1 creature vanquished.

Vanquished Creatures (others)
  4 fungi (D:1)
4 creatures vanquished.

Grand Total: 116 creatures vanquished

Notes
Turn   | Place    | Note
-------+----------+-------------------------------------------
     0 | D:1      | jiml777 the Gnoll Air Elementalist began the quest for the
                  | Orb.
     0 | D:1      | Reached XP level 1. HP: 13/13 MP: 6/6
    78 | D:1      | Reached XP level 2. HP: 19/19 MP: 3/7
   315 | D:1      | Found Hime's Distillery.
   337 | D:1      | Found Uwifet's Magic Scroll Shoppe.
   851 | D:1      | Found Zot Qoskymn's Assorted Antiques.
  1234 | D:1      | Found Ekhusch's Jewellery Emporium.
  1397 | D:1      | Found a faded altar of an unknown god.
  1552 | D:2      | Reached skill level 5 in Spellcasting
  1552 | D:2      | Reached XP level 3. HP: 10/25 MP: 5/9
  1556 | D:2      | Reached skill level 1 in Invocations
  1584 | D:2      | Reached skill level 1 in Fighting
  1584 | D:2      | Reached skill level 1 in Short Blades
  1584 | D:2      | Reached skill level 1 in Long Blades
  1584 | D:2      | Reached skill level 1 in Axes
  1584 | D:2      | Reached skill level 1 in Maces & Flails
  1584 | D:2      | Reached skill level 1 in Polearms
  1584 | D:2      | Reached skill level 1 in Staves
  1584 | D:2      | Reached skill level 1 in Slings
  1584 | D:2      | Reached skill level 1 in Bows
  1584 | D:2      | Reached skill level 1 in Crossbows
  1584 | D:2      | Reached skill level 1 in Throwing
  1584 | D:2      | Reached skill level 1 in Armour
  1584 | D:2      | Reached skill level 1 in Shields
  1584 | D:2      | Reached skill level 1 in Unarmed Combat
  1584 | D:2      | Reached skill level 1 in Evocations
  1667 | D:2      | Reached XP level 4. HP: 18/32 MP: 11/11
  1808 | D:2      | Found Zavvo's Antique Armour Shop.
  2434 | D:3      | Reached skill level 1 in Hexes
  2434 | D:3      | Reached skill level 1 in Summonings
  2434 | D:3      | Reached skill level 1 in Necromancy
  2434 | D:3      | Reached skill level 1 in Translocations
  2434 | D:3      | Reached skill level 1 in Transmutations
  2434 | D:3      | Reached skill level 1 in Fire Magic
  2434 | D:3      | Reached skill level 1 in Ice Magic
  2434 | D:3      | Reached skill level 1 in Earth Magic
  2434 | D:3      | Reached skill level 1 in Poison Magic
  2859 | D:3      | Reached XP level 5. HP: 37/37 MP: 12/12
  2913 | D:1      | Bought a translucent bone ring for 90 gold pieces
  2913 | D:1      | Identified the ring "Asutotyu" {Ice *Corrode rPois Str+3
                  | Dex+3} (You bought it in a shop on level 1 of the Dungeon)
  3356 | D:4      | Noticed an ogre
  3363 | D:4      | Killed an ogre
  3386 | D:4      | Reached XP level 6. HP: 30/44 MP: 8/13
  3512 | D:4      | Reached skill level 5 in Dodging
  3513 | D:4      | Noticed a sky beast
  3530 | D:4      | Identified the +5 rapier "Gahemmuc" {vorpal, rF+ rN+ Str-3}
  3542 | D:4      | HP: 2/44 [orc priest/divine providence (15)]
  3690 | D:4      | Killed a sky beast
  3691 | D:4      | Reached XP level 7. HP: 33/50 MP: 15/15
  4602 | D:4      | Found a blossoming altar of Fedhas.
  4605 | D:4      | Found a sparkling altar of Nemelex Xobeh.
  4674 | D:5      | Entered Level 5 of the Dungeon
  5055 | D:5      | Noticed Grinder
  5062 | D:5      | Learned a level 2 spell: Static Discharge
  5066 | D:5      | Learned a level 3 spell: Swiftness
  5071 | D:5      | Learned a level 4 spell: Airstrike
  5090 | D:5      | Paralysed by Grinder for 3 turns
  5101 | D:5      | Paralysed by Grinder for 7 turns
  5114 | D:5      | Paralysed by Grinder for 4 turns
  5119 | D:5      | Killed Grinder
  5120 | D:5      | Reached skill level 5 in Stealth
  5385 | D:5      | Found a runed translucent gate.
  5385 | D:5      | Found a runed translucent gate.
  5385 | D:5      | Found a runed translucent gate.
  5386 | D:5      | Noticed unlimited1921's ghost (novice DjFE)
  5780 | D:5      | Reached XP level 8. HP: 57/57 MP: 16/16
  6139 | D:5      | Killed unlimited1921's ghost
  6650 | D:6      | Reached XP level 9. HP: 47/65 MP: 18/18
  6820 | D:6      | Slain by a wyvern skeleton

Illustrated notes

Levels and vault maps discovered:
D:1:      giann_horns, layout_loops_corners, serial_shops, nicolae_square_shop,
          nicolae_shop_behind_doors, shop, shop, shapermc_ecumenical_altar_petra
D:2:      layout_rooms, serial_shops, nicolae_shop_window_shopping
D:3:      layout_loops_ring, hex_tiny
D:4:      layout_basic, nicolae_overflow_hidden_temple, kennysheep_nub,
          hangedman_decor_opposing, kennysheep_cluttered_room,
          hangedman_abyss_or_decor_passed,
          nicolae_concentric_dashed_squares_wild, minmay_diced_spiral
D:5:      layout_basic, gammafunk_ghost_necromancy, grunt_decor_fettered,
          uniq_grinder
D:6:      layout_cave_pools, minmay_temple_entry_large_hall, uniq_maggie

Skill      XL: |  1  2  3  4  5  6  7  8 |
---------------+-------------------------+-----
Conjurations   | 2 3 |  3.8
Spellcasting   | 5 6 |  6.3
Invocations    | 1 2 3 4 |  4.2
Fighting       | 1 2 3 |  3.8
Short Blades   | 1 2 3 |  3.8
Long Blades    | 1 2 3 |  3.8
Axes           | 1 2 3 |  3.8
Maces & Flails | 1 2 3 |  3.8
Polearms       | 1 2 3 |  3.8
Staves         | 1 2 3 |  3.8
Slings         | 1 2 3 |  3.8
Bows           | 1 2 3 |  3.8
Crossbows      | 1 2 3 |  3.8
Throwing       | 1 2 3 |  3.8
Armour         | 1 2 3 |  3.8
Shields        | 1 2 3 |  3.8
Unarmed Combat | 1 2 3 |  3.8
Evocations     | 1 2 3 |  3.8
Hexes          | 1 2 3 |  3.1
Summonings     | 1 2 3 |  3.1
Necromancy     | 1 2 3 |  3.1
Translocations | 1 2 3 |  3.1
Transmutations | 1 2 3 |  3.1
Fire Magic     | 1 2 3 |  3.1
Ice Magic      | 1 2 3 |  3.1
Earth Magic    | 1 2 3 |  3.1
Poison Magic   | 1 2 3 |  3.1
Dodging        | 5 6 |  6.0
Stealth        | 5 |  5.7
Air Magic      | 6 |  6.3

Action                   |  1- 3 |  4- 6 |  7- 9 || total
-------------------------+-------+-------+-------++-------
Melee: Dagger            |    43 |    72 |       ||   115
       Club              |    15 |       |       ||    15
       Bite              |     8 |    10 |    20 ||    38
       Punch             |     2 |     2 |     3 ||     7
       Rapier            |       |    16 |   151 ||   167
 Cast: Shock             |    22 |    25 |     8 ||    55
       Airstrike         |       |       |     7 ||     7
  Use: Potion            |     1 |     1 |     2 ||     4
       Scroll            |       |     7 |     1 ||     8
 Stab: Sleeping          |     4 |     9 |     5 ||    18
       Distracted        |       |       |     1 ||     1
Armor: Robe              |    16 |    16 |    17 ||    49
Dodge: Dodged            |    49 |    59 |   118 ||   226
